Match 46956396
Unlisted

Match 46956396
End
Vickers Machine Gun Team
Construct Section Command Post
Infantry Section
Infantry Section
Dingo Light Scout Car
Construct Platoon Command Post
Selects Indian Artillery Battlegroup
Humber Armored Car
Selects Valour
6-pounder Anti-tank Gun Team
Selects Gurkha Rifles Section
Gurkha Rifles Section
Construct Company Command Post
Construct Field Infirmary
Gurkha Rifles Section
Crusader II Medium Tank
Construct Field Infirmary
Selects Volunteer Infantry
Infantry Training
Grenade Package
Unlock Towed 17-pounder Anti-tank Guns
Selects Artillery Saturation
Selects Off-map Airburst Barrage
Matilda II Heavy Tank
Royal Engineer Section
Selects Perimeter Monitor
Matilda II Heavy Tank
Perimeter Monitor
Armored Vehicle Training
niewiem94851
rocketpossum
0
0

Comments sign in to comment!

No comments posted yet!